 Dungeon Crawl Stone Soup version 0.29-a0-234-g0dae59b3db (webtiles) character file.

Game seed: 9470169709580124191

275 sanka the Ducker (level 6, 0/79 HPs)
             Began as a Gnoll Monk on Mar 3, 2022.
             Was a Priest of Trog.
             Slain by an orc
             ... wielding a +0 hand axe
              (2 damage)
             ... on level 3 of the Dungeon.
             The game lasted 00:03:48 (2650 turns).

sanka the Ducker (Gnoll Monk)                       Turns: 2650, Time: 00:03:49

Health: 0/79       AC:  2    Str: 13    XL:     6   Next: 24%
Magic:  0/8        EV: 15    Int:  9    God:    Trog [***...]
Gold:   114        SH:  0    Dex: 14    Spells: 8/8 levels left

rFire   . . .      SeeInvis .     - Unarmed
rCold   . . .      Faith    .   (no shield)
rNeg    . . .      Spirit   +   b - +0 robe
rPois   +          Reflect  .   (no helmet)
rElec   .          Harm     .   (no cloak)
rCorr   .          Rampage  .   (no gloves)
Will    .....                   (no boots)
Stlth   ..........              n - amulet of guardian spirit
HPRegen 0.23/turn               j - ring of poison resistance
MPRegen 0.11/turn               l - ring of flight

@: berserking, flying, very quick
A: fangs 1, strong nose, distributed training
a: Renounce Religion, Berserk, Trog's Hand


You were on level 3 of the Dungeon.
You worshipped Trog.
Trog was most pleased with you.
You visited 1 branch of the dungeon, and saw 3 of its levels.

You collected 114 gold pieces.


Innate Abilities, Weirdness & Mutations

You have very sharp teeth.
Your uncanny sense of smell can sniff out nearby items.
Your experience applies equally to all skills.


   Skills:
 + Level 6.8 Fighting
 + Level 1.8 Short Blades
 + Level 1.8 Long Blades
 + Level 6.8 Axes
 + Level 1.8 Maces & Flails
 + Level 1.8 Polearms
 + Level 1.8 Staves
 + Level 1.8 Slings
 + Level 1.8 Bows
 + Level 1.8 Crossbows
 + Level 1.8 Throwing
 + Level 1.8 Armour
 + Level 6.8 Dodging
 + Level 4.5 Stealth
 + Level 1.8 Shields
 + Level 1.8 Unarmed Combat
 + Level 1.8 Spellcasting
 + Level 1.4 Conjurations
 + Level 1.4 Hexes
 + Level 1.4 Summonings
 + Level 1.4 Necromancy
 + Level 1.4 Translocations
 + Level 1.4 Transmutations
 + Level 1.4 Fire Magic
 + Level 1.4 Ice Magic
 + Level 1.4 Air Magic
 + Level 1.4 Earth Magic
 + Level 1.4 Poison Magic
 + Level 2.0 Invocations
 + Level 1.8 Evocations


You had 8 spell levels left.
You didn't know any spells.
Your spell library was empty.

Inventory:

Hand Weapons
 a - a +0 hand axe
 k - a +0 flail
Missiles
 e - 2 boomerangs (quivered)
Armour
 b - a +0 robe (worn)
Jewellery
 j - a ring of poison resistance (left hand)
 l - a ring of flight (right hand)
 n - an amulet of guardian spirit (around neck)
Wands
 m - a wand of digging (3)
Scrolls
 c - a scroll of enchant weapon {unknown}
 d - a scroll of identify {unknown}
 p - a scroll of amnesia {unknown}
 q - a scroll of teleportation {unknown}
Potions
 f - a potion of haste {unknown}
 g - a potion of lignification {!q}
 h - a potion of curing {unknown}
 i - a potion of heal wounds {unknown}
 o - a potion of brilliance {unknown}

Dungeon Overview and Level Annotations

Branches:
Dungeon (3/15)

Altars:
Trog

Shops:
D:2

[ ▒▒▒▒▒▒▒▒▒▒ ▒▒▒▒▒▒▒▒▒▒
▒........▒▒ ▒..........
▒.....)...▒▒▒...........
▒.......oo▒.+..........▒
......▒▒▒o▒.▒..........▒
......▒▒▒g▒.▒..........▒
..........▒.▒(.........▒
............+..........▒
.......▒▒▒▒.▒..........▒
▒▒▒▒▒▒.▒....▒..........▒
▒....▒.▒...............▒
▒....▒.▒.............▒▒▒
▒▒....▒.▒.............▒
▒.......▒.▒▒.......▒....▒


You could see an orc wizard and 2 orcs.


Message History

* * * LOW HITPOINT WARNING * * *
You miss something. The orc misses you. Something hits you but does no damage.
You barely miss something. The orc hits you with a +0 hand axe.
* * * LOW HITPOINT WARNING * * *
Something hits you.
* * * LOW HITPOINT WARNING * * *
You miss something. The orc hits you with a +0 hand axe.
* * * LOW HITPOINT WARNING * * *
Something hits you.
* * * LOW HITPOINT WARNING * * *
You hit something but do no damage. The orc hits you with a +0 hand axe.
* * * LOW HITPOINT WARNING * * *
Something barely misses you.
An orc wizard appears from thin air!
Reactivating autopickup.
Use which ability? (? or * to list)
A red film seems to cover your vision as you go berserk!
You feel yourself moving faster!
You feel mighty! The orc hits you with a +0 hand axe.
* * * LOW HITPOINT WARNING * * *
You hit the orc.
The orc is heavily wounded.
The orc hits you with a +0 hand axe.
You die...

Action                   |  1- 3 |  4- 6 || total
-------------------------+-------+-------++-------
Melee: Hand axe          |    75 |       ||    75
       Bite              |     5 |    11 ||    16
       Punch             |     1 |     1 ||     2
       Unarmed           |     9 |   138 ||   147
Invok: Berserk           |       |     2 ||     2
       Trog's Hand       |       |     1 ||     1
  Use: Potion            |     1 |       ||     1
 Stab: Sleeping          |     9 |     5 ||    14
Armor: Robe              |     9 |    17 ||    26
       Skin              |     6 |       ||     6
Dodge: Dodged            |    55 |   105 ||   160

Levels and vault maps discovered:
D:1:      eino_arrival_druids_welcome, layout_basic
D:2:      layout_loops_ring, nicolae_ecumenical_oubliette, serial_shops,
          shop_fountains
D:3:      layout_basic, led_xom_imps, minivault_24, uniq_sigmund

Notes
Turn   | Place    | Note
-------+----------+-------------------------------------------
     0 | D:1      | sanka the Gnoll Monk began the quest for the Orb.
     0 | D:1      | Reached XP level 1. HP: 23/23 MP: 1/1
    26 | D:1      | Reached XP level 2. HP: 24/29 MP: 2/2
   529 | D:1      | Reached XP level 3. HP: 35/35 MP: 3/3
  1152 | D:2      | Noticed a scorpion
  1166 | D:2      | Killed a scorpion
  1167 | D:2      | Reached skill level 1 in Short Blades
  1167 | D:2      | Reached skill level 1 in Long Blades
  1167 | D:2      | Reached skill level 1 in Maces & Flails
  1167 | D:2      | Reached skill level 1 in Polearms
  1167 | D:2      | Reached skill level 1 in Staves
  1167 | D:2      | Reached skill level 1 in Slings
  1167 | D:2      | Reached skill level 1 in Bows
  1167 | D:2      | Reached skill level 1 in Crossbows
  1167 | D:2      | Reached skill level 1 in Throwing
  1167 | D:2      | Reached skill level 1 in Armour
  1167 | D:2      | Reached skill level 1 in Shields
  1167 | D:2      | Reached skill level 1 in Unarmed Combat
  1167 | D:2      | Reached skill level 1 in Spellcasting
  1167 | D:2      | Reached skill level 1 in Conjurations
  1167 | D:2      | Reached skill level 1 in Hexes
  1167 | D:2      | Reached skill level 1 in Summonings
  1167 | D:2      | Reached skill level 1 in Necromancy
  1167 | D:2      | Reached skill level 1 in Translocations
  1167 | D:2      | Reached skill level 1 in Transmutations
  1167 | D:2      | Reached skill level 1 in Fire Magic
  1167 | D:2      | Reached skill level 1 in Ice Magic
  1167 | D:2      | Reached skill level 1 in Air Magic
  1167 | D:2      | Reached skill level 1 in Earth Magic
  1167 | D:2      | Reached skill level 1 in Poison Magic
  1167 | D:2      | Reached skill level 1 in Invocations
  1167 | D:2      | Reached skill level 1 in Evocations
  1167 | D:2      | Reached XP level 4. HP: 41/41 MP: 5/5
  1198 | D:2      | Found a faded altar of an unknown god.
  1343 | D:2      | Prayed at the altar of an unknown god.
  1343 | D:2      | Became a worshipper of Trog the Wrathful
  1343 | D:2      | Reached * piety under Trog
  1343 | D:2      | Reached ** piety under Trog
  1620 | D:2      | Found Nucewn's Armour Shop.
  2123 | D:3      | Reached *** piety under Trog
  2205 | D:3      | Reached XP level 5. HP: 34/47 MP: 6/6
  2313 | D:3      | Noticed Sigmund
  2324 | D:3      | Killed Sigmund
  2325 | D:3      | Reached skill level 2 in Invocations
  2325 | D:3      | Reached XP level 6. HP: 53/53 MP: 6/8
  2647 | D:3      | HP: 3/53 [orc/+0 hand axe (3)]
  2650 | D:3      | Slain by an orc

Vanquished Creatures
  Sigmund (D:3)
  A scorpion (D:2)
  An adder (D:3)
  2 dart slugs (D:1)
  An orc (D:3)
  7 ball pythons
  4 bats
  2 endoplasms
  4 giant cockroaches
  3 goblins (D:1)
  5 hobgoblins
  6 jackals
  2 kobolds
  3 quokkas
  4 frilled lizards
  8 rats
54 creatures vanquished.

Vanquished Creatures (others)
  A plant (D:1)
1 creature vanquished.

Grand Total: 55 creatures vanquished
